 Dungeon Crawl Stone Soup version 0.19.5 (webtiles) character file.

534 Inarius the Chopper (level 7, -2/54 HPs)
             Began as a Minotaur Fighter on Apr 11, 2017.
             Was a Follower of Hepliaklqana.
             Slain by a gnoll
             ... wielding a +2 halberd of protection
              (13 damage)
             ... on level 3 of the Dungeon.
             The game lasted 00:13:27 (3174 turns).

Inarius the Chopper (Minotaur Fighter)              Turns: 3174, Time: 00:13:27

Health: -2/54      AC:  7    Str: 27    XL:     7   Next: 4%
Magic:  6/6        EV:  9    Int:  5    God:    Hepliaklqana [*.....]
Gold:   224        SH: 10    Dex: 10    Spells: 0 memorised, 6 levels left

rFire  . . .     SeeInvis .     a - +1 hand axe (elec)
rCold  . . .     Gourm    .     b - +0 scale mail
rNeg   . . .     Faith    +     c - +0 shield
rPois  .         Spirit   .     (helmet restricted)
rElec  .         Reflect  .     (no cloak)
rCorr  .         Harm     .     (no gloves)
MR     +....                    (no boots)
Stlth  ..........               m - amulet of faith
                                (no ring)
                                g - ring of protection from magic

@: mighty
A: retaliatory headbutt, reduced essence, horns 2
a: Recall Ancestor, Ancestor Identity, Renounce Religion


You were on level 3 of the Dungeon.
You worshipped Hepliaklqana.
Hepliaklqana was aware of your devotion.
You were not hungry.

You visited 1 branch of the dungeon, and saw 3 of its levels.

You collected 224 gold pieces.

Inventory:

Hand Weapons
 a - a +1 hand axe of electrocution (weapon)
 y - a +1 hand axe of chopping
Armour
 b - a +0 scale mail (worn)
 c - a +0 shield (worn)
Jewellery
 g - a ring of protection from magic (left hand)
 m - an amulet of faith (around neck)
 s - a +3 ring of evasion {unknown}
 w - an uncursed ring of protection from magic
Scrolls
 e - 3 scrolls of teleportation
 j - 2 scrolls of remove curse {unknown}
 k - 2 scrolls of identify
 u - a scroll of fog {unknown}
 x - a scroll of fear {unknown}
 z - a scroll of recharging {unknown}
Potions
 d - a potion of might
 i - a potion of heal wounds {unknown}
 l - a potion of brilliance {unknown}
 p - a potion of mutation {unknown}
 r - a potion of curing {unknown}
 t - 2 potions of haste {unknown}
 v - a potion of invisibility {unknown}
Comestibles
 f - 2 bread rations
 h - 7 chunks of flesh
 n - a beef jerky
 o - 4 fruits
 q - 2 meat rations


   Skills:
 + Level 5.0 Fighting
 + Level 5.7 Axes
 + Level 5.3 Armour
 + Level 1.6 Dodging
 + Level 0.1 Stealth
 + Level 5.6 Shields


You had 6 spell levels left.
You didn't know any spells.

Dungeon Overview and Level Annotations

Branches:
Dungeon (3/15)

Altars:
Dithmenos
Hepliaklqana
Sif Muna
Trog
Xom
Yredelemnul


Innate Abilities, Weirdness & Mutations

You reflexively headbutt those who attack you in melee.
You have a pair of horns on your head.
Your life essence is reduced. (-10% HP)


Message History

The gnoll hits you.
* * * LOW HITPOINT WARNING * * *
The gnoll hits Onaxys with a club.
You slice the gnoll!!
You kill the gnoll!
You hit the gnoll but do no damage.
The gnoll hits you with a halberd of protection.
* * * LOW HITPOINT WARNING * * *
Onaxys closely misses the gnoll.
The gnoll hits Onaxys with a club.
You block the gnoll's attack.
A jackal comes into view.
You block the gnoll's attack.
Onaxys hits the gnoll.
The gnoll hits Onaxys with a club.
The gnoll hits Onaxys with a spear!
Onaxys is destroyed!
There is an open door, spattered with blood here.
You see here a gnoll corpse.
You closely miss the gnoll.
The gnoll is severely wounded.
The gnoll hits you with a halberd of protection!
You die...

†.)...))..)......................
≈≈≈≈≈≈≈≈≈≈≈≈≈≈≈≈≈....≈≈≈≈≈≈≈≈)≈≈≈
≈≈≈≈≈≈≈≈≈≈≈≈≈≈≈≈≈....≈≈≈≈≈≈≈≈)≈≈≈
#####≈≈≈≈≈≈≈≈≈≈≈≈....≈≈≈≈≈≈≈≈≈≈≈≈
#...#.....................(......
#...#############''''############
###'# #....g..#.h..#.....^.# ..
#...gg.g#....#.......#
#...)..g@.÷.('[......#
#g##################'# #.....†)#
.....g.g# g...g...# #........
########. g .. ##


You could see 6 gnolls and a jackal.

Vanquished Creatures
  An orc wizard (D:3)
  An orc priest (D:3)
  3 gnoll shamans (D:3)
  19 gnolls (D:3)
  2 adders (D:2)
  3 worms (D:2)
  4 leopard geckos
  12 orcs (D:3)
  5 giant cockroaches
  6 goblins
  7 hobgoblins
  9 jackals (D:3)
  5 kobolds
  5 bats
  4 frilled lizards
  6 rats
  A plant (D:3)
93 creatures vanquished.

Vanquished Creatures (collateral kills)
  Jessica (D:3)
  Ijyb (D:2)
  A gnoll (D:3)
  A worm (D:3)
  A leopard gecko (D:2)
  3 orcs (D:3)
  A goblin (D:3)
  5 jackals (D:3)
  2 kobolds (D:2)
16 creatures vanquished.

Vanquished Creatures (others)
  4 ancestors (D:3)
4 creatures vanquished.

Grand Total: 113 creatures vanquished

Notes
Turn   | Place    | Note
-------+----------+-------------------------------------------
     0 | D:1      | Inarius the Minotaur Fighter began the quest for the Orb.
     0 | D:1      | Reached XP level 1. HP: 19/19 MP: 0/0
   173 | D:1      | Reached XP level 2. HP: 25/27 MP: 1/1
   584 | D:2      | Reached XP level 3. HP: 10/33 MP: 2/2
   965 | D:2      | Found a hazy altar of Hepliaklqana.
   972 | D:2      | Became a worshipper of Hepliaklqana the Forgotten
   991 | D:2      | Found a basalt altar of Yredelemnul.
   992 | D:2      | Found a bloodstained altar of Trog.
   993 | D:2      | Found a shimmering altar of Xom.
  1184 | D:2      | Found a shadowy altar of Dithmenos.
  1460 | D:2      | Noticed Ijyb
  1468 | D:2      | Killed Ijyb
  1468 | D:2      | Reached XP level 4. HP: 36/36 MP: 3/3
  1492 | D:2      | Found a deep blue altar of Sif Muna.
  1747 | D:3      | Reached skill level 1 in Dodging
  1858 | D:3      | Reached XP level 5. HP: 41/41 MP: 4/4
  2323 | D:3      | Reached skill level 5 in Armour
  2331 | D:3      | Reached skill level 5 in Shields
  2331 | D:3      | Reached XP level 6. HP: 36/47 MP: 5/5
  2492 | D:3      | Reached * piety under Hepliaklqana
  2492 | D:3      | Noticed Jessica
  2507 | D:3      | Killed Jessica
  2597 | D:3      | Reached skill level 5 in Axes
  2984 | D:3      | Reached skill level 5 in Fighting
  3164 | D:3      | Reached XP level 7. HP: 42/54 MP: 6/6
  3174 | D:3      | Slain by a gnoll

Skill      XL: |  1  2  3  4  5  6 |
---------------+-------------------+-----
Shields        | 4 5 |  5.6
Fighting       | 4 5 |  5.0
Armour         | 4 5 |  5.3
Axes           | 3 4 5 |  5.7
Dodging        | 1 |  1.6
Stealth        | |  0.1

Action                   |  1- 3 |  4- 6 |  7- 9 || total
-------------------------+-------+-------+-------++-------
Melee: War axe           |   124 |   121 |       ||   245
       Headbutt          |    13 |    29 |     1 ||    43
       Hand axe          |       |    34 |     6 ||    40
Invok: Ancestor Identity |       |     1 |       ||     1
  Use: Scroll            |       |     1 |       ||     1
       Potion            |       |       |     1 ||     1
  Eat: Chunk             |     1 |     7 |       ||     8
Armor: Scale mail        |    60 |    61 |       ||   121
Dodge: Dodged            |    43 |    36 |     1 ||    80
Block: Shield            |    72 |    96 |     9 ||   177
